 Dungeon Crawl Stone Soup version 0.27-a0-972-gd1521fd518 (webtiles) character file.

Game seed: 8248512284238499001

529 tardwrangler69 the Digger (level 7, -6/50 HPs)
             Began as a Red Draconian Earth Elementalist on Apr 13, 2021.
             Mangled by an iguana (9 damage)
             ... on level 4 of the Dungeon.
             The game lasted 00:04:23 (5258 turns).

tardwrangler69 the Digger (DrEE)                    Turns: 5258, Time: 00:04:23

Health: -6/50      AC:  7    Str: 10    XL:     7   Next: 3%
Magic:  9/13       EV:  9    Int: 18    God:
Gold:   111        SH:  0    Dex: 11    Spells: 13/14 levels left

rFire    + . .     SeeInvis .   l - +2 dagger (speed)
rCold    . . .     Faith    .   (no shield)
rNeg     . . .     Spirit   .   (armour unavailable)
rPois    .         Reflect  .   e - +1 hat
rElec    .         Harm     .   (no cloak)
rCorr    .         Rampage  .   (no gloves)
Will     .....                  (no boots)
Stlth    ++........             (no amulet)
HPRegen  0.16/turn              (no ring)
MPRegen  0.13/turn              (no ring)

@: constricted
A: breathe fire, AC +6, unfitting armour, fire resistance 1, cold-blooded
a: Breathe Fire


You were on level 4 of the Dungeon.
You visited 1 branch of the dungeon, and saw 4 of its levels.

You collected 111 gold pieces.

Inventory:

Hand Weapons
 l - a +2 dagger of speed (weapon)
Missiles
 b - 101 stones
Armour
 e - a +1 hat (worn)
Scrolls
 g - a scroll of teleportation {unknown}
 h - 6 scrolls of identify {unknown}
 k - a scroll of enchant weapon {unknown}
 n - a scroll of enchant armour {unknown}
Potions
 a - a potion of invisibility {unknown}
 c - a potion of might {unknown}
 f - 2 potions of berserk rage {unknown}
 i - a potion of cancellation {unknown}
 j - a potion of haste {unknown}
 m - 2 potions of lignification {unknown}


   Skills:
 - Level 1.7 Dodging
 - Level 1.7 Stealth
 + Level 4.3 Spellcasting
 - Level 1.0 Transmutations
 * Level 6.8 Earth Magic


You had 13 spell levels left.
You knew the following spells:

 Your Spells              Type           Power      Damage    Failure   Level
a - Sandblast             Erth           56%        2d13      1%          1

Your spell library contained the following spells:

 Spells                   Type           Power      Damage    Failure   Level
 Passwall                 Tmut/Erth      15%        N/A       4%          2
 Stone Arrow              Conj/Erth      32%        3d9       11%         3
 Animate Skeleton         Necr           6%         N/A       14%         1
 Apportation              Tloc           6%         N/A       14%         1
 Corona                   Hex            3%         N/A       14%         1
 Summon Small Mammal      Summ           12%        N/A       14%         1
 Ensorcelled Hibernation  Hex/Ice        6%         N/A       22%         2
 Lee's Rapid Deconstruct  Erth           14%        3d10*     24%         5
 Petrify                  Tmut/Erth      18%        N/A       28%         4
 Confusing Touch          Hex            3%         N/A       41%         3
 Dazzling Flash           Conj/Hex       6%         N/A       41%         3
 Tukima's Dance           Hex            3%         N/A       41%         3


Dungeon Overview and Level Annotations

Branches:
Dungeon (4/15)
 Temple: D:4-7

Altars:
Elyvilon
Ru
Uskayaw

Shops:
D:2 =


Innate Abilities, Weirdness & Mutations

You can breathe blasts of fire.
Your fiery red scales are hard. (AC +6)
You cannot fit into any form of body armour.
Your flesh is heat resistant. (rF+)
You are cold-blooded and may be slowed by cold attacks.


Message History

The ufetubus hits you but does no damage. x2
Casting: Sandblast (safe; 1% risk of failure)
Confirm with . or Enter, or press ? or * to list all spells.
Aiming: Sandblast (safe; 1% risk of failure)
Press: ? - help, Shift-Dir - straight line, f/p - orc
Aim: an orc, wielding a +0 whip and wearing a +0 scale mail (17% to evade)
The blast of sand hits the orc but does no damage.
The hound bites you. The ball python barely misses you.
The ball python constricts you. The ufetubus hits you.
The ufetubus hits you but does no damage.
The hound bites you.
* * * LOW HITPOINT WARNING * * *
The iguana bites you but does no damage.
The orc barely misses you.
Casting: Sandblast (safe; 1% risk of failure)
Confirm with . or Enter, or press ? or * to list all spells.
Aiming: Sandblast (safe; 1% risk of failure)
Press: ? - help, Shift-Dir - straight line, f/p - orc
Aim: an orc, wielding a +0 whip and wearing a +0 scale mail (17% to evade)
The blast of sand hits the orc but does no damage.
The ball python barely misses you. The ball python constricts you.
The ufetubus hits you but does no damage. x2
The hound bites you but does no damage. The iguana barely misses you.
The ufetubus barely misses you. The ufetubus hits you.
* * * LOW HITPOINT WARNING * * *
The ball python bites you but does no damage.
The ball python constricts you. The orc hits you but does no damage.
Casting: Sandblast (safe; 1% risk of failure)
Confirm with . or Enter, or press ? or * to list all spells.
Aiming: Sandblast (safe; 1% risk of failure)
Press: ? - help, Shift-Dir - straight line, f/p - orc
Aim: an orc, wielding a +0 whip and wearing a +0 scale mail (17% to evade)
The blast of sand hits the orc but does no damage.
The hound completely misses you. The ufetubus hits you.
* * * LOW HITPOINT WARNING * * *
The ufetubus hits you.
* * * LOW HITPOINT WARNING * * *
The ball python bites you but does no damage.
The ball python constricts you. The iguana bites you!
You die...

###########.........#
#...................#
#...................#
#...................#
#...................##
#....................#
###.#######....h5S...#
...............o@l.#.#
###.#############....#
###.####.......##.#..####
.........................
###.####.......#..#...###
# #†####.................
# #...........###...###.#
###...........# #...# #
<.#...........# #...#


You could see an iguana, a hound, an orc, an ufetubus and a ball python.

Vanquished Creatures
  A necrophage (D:4)
  3 killer bees (D:3)
  6 orc wizards
  A hound skeleton (D:4)
  4 gnolls (D:3)
  An adder (D:4)
  2 dart slugs (D:3)
  A worm (D:2)
  An orc (D:4)
  9 bats
  8 endoplasms
  13 goblins
  7 hobgoblins
  6 jackals
  7 kobolds
  4 quokkas
  5 ball pythons
  12 frilled lizards
  4 rats
95 creatures vanquished.

Notes
Turn   | Place    | Note
-------+----------+-------------------------------------------
     0 | D:1      | tardwrangler69 the Draconian Earth Elementalist began the
                  | quest for the Orb.
     0 | D:1      | Reached XP level 1. HP: 14/14 MP: 3/3
    57 | D:1      | Reached XP level 2. HP: 20/20 MP: 5/5
  1208 | D:1      | Reached XP level 3. HP: 26/26 MP: 6/6
  1458 | D:2      | Reached skill level 4 in Earth Magic
  1522 | D:2      | Found Othrill's Jewellery Boutique.
  3094 | D:3      | Reached XP level 4. HP: 30/33 MP: 8/8
  3486 | D:3      | Reached skill level 5 in Earth Magic
  3486 | D:3      | Reached XP level 5. HP: 35/38 MP: 6/9
  3501 | D:3      | Found a hide-covered altar of Uskayaw.
  3501 | D:3      | Found a white marble altar of Elyvilon.
  3913 | D:3      | Found a faded altar of an unknown god.
  3986 | D:3      | Found a sacrificial altar of Ru.
  4229 | D:4      | Reached XP level 6. HP: 26/45 MP: 11/11
  4526 | D:4      | Reached skill level 6 in Earth Magic
  4930 | D:4      | Your scales start taking on a fiery red colour.
  4930 | D:4      | Reached XP level 7. HP: 50/50 MP: 7/13
  4930 | D:4      | Gained mutation: Your flesh is heat resistant. (rF+) [Red
                  | Draconian growth]
  5258 | D:4      | Mangled by an iguana

Illustrated notes

Levels and vault maps discovered:
D:1:      giann_wishing_wells, layout_rooms
D:2:      minmay_general_purpose_star, layout_loops_corners, serial_shops, shop
D:3:      kb_forest_paths, layout_rooms, nicolae_ru_the_path_less_chosen,
          chequers_temple_overflow_statue_of_worship,
          ebering_ecumenical_altar_rust, uniq_ijyb
D:4:      layout_basic, minmay_misc_feat_cross,
          minmay_a_box_with_orc_wizards_in_it

Skill      XL: |  1  2  3  4  5  6 |
---------------+-------------------+-----
Earth Magic    | 4 5 6 |  6.8
Spellcasting   | 3 4 |  4.3
Dodging        | |  1.7
Stealth        | |  1.7
Transmutations | |  1.0

Action                   |  1- 3 |  4- 6 |  7- 9 || total
-------------------------+-------+-------+-------++-------
Melee: Unarmed           |    13 |       |       ||    13
       Dagger            |   196 |    97 |    14 ||   307
       Tailslap          |    17 |     4 |     3 ||    24
 Cast: Sandblast         |     5 |    34 |     4 ||    43
  Use: Potion            |       |     2 |       ||     2
 Stab: Sleeping          |     2 |     1 |       ||     3
Armor: Skin              |    62 |    45 |    20 ||   127
Dodge: Dodged            |   114 |    77 |    26 ||   217

Table legend: (Time is in decaauts)
 A = Elapsed time spent in this place.
 B = Non-inter-level travel time spent in this place.
 C = Inter-level travel time spent in this place.
 D = Time resting spent in this place.
 E = Time spent auto-exploring this place.
 F = Levels seen in this place.
 G = Mean time per level.
                   A        B        C        D        E       F      G
               +--------+--------+--------+--------+--------+-----+--------+
         Total |   5201 |   5107 |     94 |    279 |   4189 |   4 | 1300.2 |
       Dungeon |   5201 |   5107 |     94 |    279 |   4189 |   4 | 1300.2 |
               +--------+--------+--------+--------+--------+-----+--------+

Top non-repeatable levels by time:
     D:3: 1643 daAuts
     D:2: 1614 daAuts
     D:1: 1385 daAuts
     D:4: 558 daAuts
